 Dungeon Crawl Stone Soup version 0.30-a0-553-g7fabdf1491 (webtiles) character file.

Game seed: 7257911119713547598

4510 arthad the Geomancer (level 10, -5/54 HPs)
             Began as a Gargoyle Earth Elementalist on Dec 26, 2022.
             Was a Follower of Vehumet.
             Slain by Joseph
             ... wielding a +0 quarterstaff
              (19 damage)
             ... on level 8 of the Dungeon.
             The game lasted 00:26:40 (8906 turns).

arthad the Geomancer (Gargoyle Earth Elementalist)  Turns: 8906, Time: 00:26:41

Health: -5/54      AC: 19    Str: 19    XL:     10   Next: 39%
Magic:  17/19      EV: 12    Int: 19    God:    Vehumet [*.....]
Gold:   86         SH:  0    Dex: 10    Spells: 11/21 levels left

rFire   + . .      SeeInvis .    w - +2 hand axe (freeze)
rCold   + . .      Faith    .    (no shield)
rNeg    + . .      Spirit   .    m - +1 robe {rC+ rF+}
rPois   ∞          Reflect  .    e - +2 helmet
rElec   +          Harm     .    z - +1 cloak
rCorr   .          Rampage  .    i - +0 pair of gloves
Will    .....                    G - +1 pair of boots
Stlth   +++                      (no amulet)
HPRegen 0.29/turn                B - +6 ring of strength
MPRegen 0.16/turn                (no ring)

@: brilliant
A: sickness immunity, AC +7, negative energy resistance 1, electricity
resistance, torment resistance 1, petrification resistance
a: Renounce Religion


You were on level 8 of the Dungeon.
You worshipped Vehumet.
Vehumet was aware of your devotion.
You visited 2 branches of the dungeon, and saw 9 of its levels.
You also visited: Ossuary.

You collected 326 gold pieces.
You spent 240 gold pieces at shops.

Inventory:

Hand Weapons
 g - a +2 short sword of draining
 j - a +3 long sword
 w - a +2 hand axe of freezing (weapon)
 E - a +5 dagger of speed
Missiles
 p - 24 poisoned darts
 A - 3 boomerangs of dispersal
Armour
 e - a +2 helmet (worn)
 i - a +0 pair of gloves (worn)
 k - a +2 ring mail of poison resistance
 m - a +1 robe of resistance (worn)
 z - a +1 cloak (worn)
 G - a +1 pair of boots (worn)
 K - a +2 robe of positive energy
Jewellery
 B - a +6 ring of strength (left hand)
Wands
 r - a wand of flame (47)
Scrolls
 a - a scroll of magic mapping
 d - 5 scrolls of teleportation
 f - 4 scrolls of fog
 l - 2 scrolls of identify
 y - 2 scrolls of blinking
 C - 2 scrolls of fear
 D - a scroll of vulnerability
 H - 2 scrolls of enchant weapon
 I - 2 scrolls of amnesia
 J - a scroll of enchant armour {unknown}
Potions
 b - a potion of magic
 c - 5 potions of haste
 h - 4 potions of berserk rage
 n - 3 potions of curing
 o - 2 potions of ambrosia
 q - 2 potions of attraction
 s - a potion of might
 t - a potion of heal wounds
 u - a potion of cancellation
 v - 3 potions of mutation
 x - a potion of resistance
 L - a potion of lignification {unknown}


   Skills:
 + Level 2.3 Fighting
 + Level 4.7 Armour
 + Level 4.0 Dodging
 * Level 7.8 Stealth
 * Level 6.2 Spellcasting
 * Level 6.3 Conjurations
 + Level 3.6 Transmutations
 * Level 8.4 Earth Magic


You had 11 spell levels left.
You knew the following spells:

 Your Spells              Type           Power      Damage    Failure   Level
a - Sandblast             Erth           100%       2d20      1%          1
b - Stone Arrow           Conj/Erth      100%       3d13      1%          3
c - Necrotise             Necr           32%        1d5       11%         1
d - Petrify               Tmut/Erth      43%        N/A       10%         4
e - Magic Dart            Conj           100%       1d8       1%          1

Your spell library contained the following spells:

 Spells                   Type           Power      Damage    Failure   Level
 Passwall                 Tmut/Erth      35%        N/A       1%          2
 Static Discharge         Conj/Air       52%        2-5/arc   4%          2
 Apportation              Tloc           16%        N/A       11%         1
 Summon Small Mammal      Summ           32%        N/A       11%         1
 Frozen Ramparts          Ice            16%        1d3       32%         3
 Vhi's Electric Charge    Tloc/Air       16%        N/A       32%         3
 Irradiate                Conj/Tmut      18%        3d17      36%         5
 Ice Form                 Ice/Tmut       19%        N/A       45%         4
 Blade Hands              Tmut           14%        N/A       56%         5
 Arcjolt                  Conj/Air       13%        1d23      63%         5
 Lightning Bolt           Conj/Air       13%        1d26      63%         5
 Summon Ice Beast         Ice/Summ       8%         N/A       73%         4
 Dragon Form              Tmut           14%        N/A       100%        7


Dungeon Overview and Level Annotations

Branches:
Dungeon (8/15)             Temple (1/1) D:7         Ossuary (visited)
   Lair: D:8-11

Altars:
Cheibriados
Dithmenos
Elyvilon
Kikubaaqudgha
Makhleb
Nemelex Xobeh
Okawaru
Qazlal
Ru
Sif Muna
Trog
Uskayaw
Vehumet
Wu Jian
Xom
Yredelemnul
Zin
The Shining One

Shops:
D:3 =([:   D:4 [

Portals:
Bailey: D:8

Annotations:
D:7 1 runed translucent door, xzight's ghost, novice DEFE
D:8 Joseph


Innate Abilities, Weirdness & Mutations

You are immune to sickness and miasma.
Your stone body is resilient. (AC +7)
You are immune to poison.
You resist negative energy. (rN+)
You are resistant to electric shocks. (rElec)
You are resistant to unholy torment.
You are immune to petrification.


Message History

Press: ? - help, Shift-Dir - straight line, f/p - Joseph
Aim: Joseph, wielding a +0 quarterstaff and wearing a +0 ring mail (severely wounded, berserk, 81% to hit)
You feel a surge of power!
The stone arrow misses Joseph.
Joseph misses you. The goblin barely misses you. The gnoll barely misses you.
Joseph closely misses you.
Casting: Stone Arrow (safe; 1% risk of failure)
Confirm with . or Enter, or press ? or * to list all spells.
You don't have enough magic to cast this spell.
Aiming: Sandblast (safe; 1% risk of failure)
Press: ? - help, Q - select action, (/) - cycle Shift-Dir - straight line, f/p - Joseph
Aim: Joseph, wielding a +0 quarterstaff and wearing a +0 ring mail (severely wounded, berserk, 87% to hit)
You feel a surge of power!
The blast of sand hits Joseph but does no damage.
Joseph is severely wounded.
The goblin hits you but does no damage. Joseph misses you.
The gnoll hits you but does no damage. The goblin hits you but does no damage.
Joseph hits you with a +0 quarterstaff.
Aiming: Sandblast (safe; 1% risk of failure)
Press: ? - help, Q - select action, (/) - cycle Shift-Dir - straight line, f - gnoll bouda, p - Joseph
Aim: a gnoll bouda, wielding a +0 whip and wearing a +0 robe (87% to hit)
You feel a surge of power!
The blast of sand hits Joseph but does no damage.
Joseph is severely wounded.
Joseph closely misses you. The gnoll hits you but does no damage.
The goblin hits you but does no damage. Joseph misses you.
The gnoll barely misses you.
Unknown command.
Found an escape hatch in the floor.
Joseph closely misses you. Magic courses through your body.
The goblin hits you but does no damage. Joseph hits you with a +0 quarterstaff!
* * * LOW HITPOINT WARNING * * *
Casting: Sandblast (safe; 1% risk of failure)
Confirm with . or Enter, or press ? or * to list all spells.
Aiming: Stone Arrow (safe; 1% risk of failure)
Press: ? - help, Shift-Dir - straight line, f/p - gnoll bouda
Aim: a gnoll bouda, wielding a +0 whip and wearing a +0 robe (81% to hit)
You feel a surge of power!
The stone arrow hits Joseph!!
Joseph is almost dead.
Joseph hits you with a +0 quarterstaff!!
You die...

********** *,,,,,,,, #.......>#
**,,,,,,,, #........#
*,,,,,,,,,
#........###*,,,,,,,,,
#$...........,,,,,,,,,
#........#.....,,,,,,,
#..........≈≈~≈≈,,,***
#........#.≈...≈,,,*
***#.@#***.~(∩.~,,,**
#####g@####(≈(>.≈,,,,**
#.....gg....≈≈~≈≈,,,,,*
********#....?..)........,,,*,,
*,,,,,.##............#.,**,,,*,
*,,,,,.............###,,,,,*,,,
*,,,,,.............# *,,,******
*,.>.,,........†...# *,,,* ***,
*,.....##..........#**,,,***,,,


You could see Joseph (berserk), a gnoll bouda, a gnoll (swift) and a goblin.

Vanquished Creatures
  A hornet (Temple)
  2 steam dragons
  Edmund (D:6)
  A water moccasin (D:5)
  A black bear (D:4)
  4 sky beasts
  An ogre (D:7)
  3 centaurs
  2 phantoms
  An elf zombie (D:6)
  2 scorpions
  A wyvern zombie (Ossuary)
  An elf skeleton (D:6)
  A bullfrog (D:6)
  A necrophage (D:6)
  3 water moccasin zombies (Ossuary)
  7 wights (D:6)
  2 electric eels (D:7)
  A howler monkey (D:5)
  A crimson imp (D:5)
  A human zombie (D:6)
  6 centaur zombies (Ossuary)
  2 hounds (D:6)
  7 jellies
  4 bullfrog zombies (Ossuary)
  4 orc priests
  2 gnoll boudas
  2 human skeletons (D:6)
  5 iguanas
  Ijyb (D:4)
  5 orc wizards
  13 mummies (Ossuary)
  Robin (D:4)
  2 howler monkey zombies (Ossuary)
  9 adders
  15 gnolls
  2 shadow imps
  A white imp (D:8)
  2 worms
  4 dart slugs
  27 orcs
  8 ball pythons
  6 bats
  9 endoplasms
  4 giant cockroaches
  21 goblins
  10 hobgoblins
  3 jackals (D:1)
  4 quokkas
  3 frilled lizards
  6 kobolds
  5 orc skeletons (D:6)
  An orc zombie (D:6)
  4 rats
236 creatures vanquished.

Vanquished Creatures (others)
  An orc wizard (D:6)
  11 withered plants
12 creatures vanquished.

Grand Total: 248 creatures vanquished

Notes
Turn   | Place    | Note
-------+----------+-------------------------------------------
     0 | D:1      | arthad the Gargoyle Earth Elementalist began the quest for
                  | the Orb.
     0 | D:1      | Reached XP level 1. HP: 10/10 MP: 3/3
   155 | D:1      | Reached XP level 2. HP: 15/15 MP: 0/5
   297 | D:1      | Reached skill level 1 in Transmutations
   744 | D:1      | Reached skill level 4 in Earth Magic
   744 | D:1      | Reached XP level 3. HP: 19/19 MP: 3/6
  1212 | D:2      | Found a faded altar of an unknown god.
  1416 | D:2      | Learned a level 3 spell: Stone Arrow
  1485 | D:2      | Reached XP level 4. HP: 24/24 MP: 4/7
  1489 | D:2      | Reached skill level 1 in Armour
  2355 | D:3      | Found Neunn's Jewellery Shop.
  2382 | D:3      | Reached XP level 5. HP: 28/28 MP: 7/9
  2453 | D:3      | Found Pipoxt's Book Boutique.
  2455 | D:3      | Found Yjuovoi's Antique Armour Shop.
  2802 | D:3      | Reached skill level 1 in Conjurations
  3057 | D:3      | Found Qyajesmetz's Antique Weapon Emporium.
  3249 | D:4      | Noticed Robin
  3260 | D:4      | Learned a level 1 spell: Necrotise
  3267 | D:4      | Killed Robin
  3569 | D:4      | Found Koamirch's Antique Armour Shop.
  3591 | D:4      | Reached XP level 6. HP: 32/32 MP: 5/10
  3849 | D:4      | You fall into a shaft and drop 3 floors!
  3889 | D:6      | Reached skill level 5 in Earth Magic
  3943 | D:6      | Reached XP level 7. HP: 24/36 MP: 0/12
  4184 | D:6      | Reached XP level 8. HP: 41/41 MP: 8/13
  4202 | D:6      | Reached skill level 5 in Stealth
  4209 | D:6      | Reached skill level 6 in Earth Magic
  4306 | D:6      | Found a sand-covered staircase.
  4311 | Ossuary  | Entered an ossuary
  4449 | Ossuary  | Learned a level 4 spell: Petrify
  4731 | Ossuary  | Reached XP level 9. HP: 40/45 MP: 6/16
  4999 | Ossuary  | Reached skill level 7 in Earth Magic
  5193 | D:6      | Reached skill level 5 in Spellcasting
  5442 | D:5      | Entered Level 5 of the Dungeon
  5467 | D:5      | Found a shadowy altar of Dithmenos.
  5467 | D:5      | Found a glowing silver altar of Zin.
  5469 | D:5      | Found an ancient bone altar of Kikubaaqudgha.
  5595 | D:5      | Reached skill level 5 in Conjurations
  5883 | D:5      | Found a radiant altar of Vehumet.
  5887 | D:5      | Became a worshipper of Vehumet
  6047 | D:5      | Found a burning altar of Makhleb.
  6093 | D:5      | Found an iron altar of Okawaru.
  6179 | D:4      | Noticed Ijyb
  6183 | D:4      | Killed Ijyb
  6383 | D:4      | Found a glowing golden altar of the Shining One.
  6632 | D:4      | Found a stormy altar of Qazlal.
  6907 | D:4      | Bought a pair of embroidered boots for 240 gold pieces
  7184 | D:6      | Reached skill level 1 in Fighting
  7363 | D:6      | Noticed Edmund
  7370 | D:6      | Killed Edmund
  7539 | D:7      | Found a staircase to the Ecumenical Temple.
  7550 | D:7      | Noticed a hornet
  7554 | Temple   | Entered the Ecumenical Temple
  7775 | Temple   | Killed a hornet
  7776 | Temple   | Reached skill level 8 in Earth Magic
  7776 | Temple   | Reached XP level 10. HP: 7/52 MP: 8/18
  7776 | Temple   | HP: 2/52 [phantom (6)]
  8065 | D:7      | Reached * piety under Vehumet
  8065 | D:7      | Offered knowledge of Magic Dart by Vehumet.
  8068 | D:7      | Learned a level 1 spell: Magic Dart
  8458 | D:7      | Found a sacrificial altar of Ru.
  8493 | D:7      | Found a runed translucent door.
  8494 | D:7      | Noticed xzight's ghost (novice DEFE)
  8564 | D:7      | Found an ornate altar of the Wu Jian Council.
  8884 | D:8      | Found a flagged portal.
  8886 | D:8      | Noticed Joseph
  8906 | D:8      | Slain by Joseph

Illustrated notes

Levels and vault maps discovered:
D:1:      dpeg_arrival_round_c, layout_loops_ring
D:2:      layout_basic, hellmonk_ecumenical_altar_run_dry
D:3:      layout_basic, serial_shops, nicolae_square_shop, shop,
          nicolae_shop_hallway_plus, nicolae_shop_waterfront,
          corexii_item_surrounded_by_moat, minmay_misc_feat_room
D:4:      layout_gridville, mainiacjoe_overflow_24_doors, tso_altar,
          serial_shops, kennysheep_mini_moat, uniq_robin, uniq_ijyb
D:5:      layout_basic, kennysheep_okawaru_gauntlet, makhleb_grotto_becter,
          vehumet_crystals, chequers_temple_overflow_statue_of_worship,
          amethyst_killhole
D:6:      layout_basic, nicolae_ossuary_entry_catacombs, minmay_starry_boxes,
          uniq_edmund
D:7:      layout_gridville, nicolae_overflow_squiral,
          minmay_temple_entry_junction_2, gammafunk_ghost_grave,
          minmay_misc_feat_hallway
D:8:      layout_rooms, mainiacjoe_overflow_alcove_4, enter_bailey_5,
          wad_rectangle_vault, uniq_psyche, uniq_joseph
Temple:   hellmonk_temple_beads

Skill      XL: |  1  2  3  4  5  6  7  8  9 10 |
---------------+-------------------------------+-----
Transmutations | 1 2 3 |  3.6
Earth Magic    | 4 5 6 8 |  8.4
Armour         | 1 2 3 4 |  4.7
Dodging        | 2 3 4 |  4.0
Stealth        | 3 4 6 7 |  7.8
Conjurations   | 1 2 3 4 5 6 |  6.3
Spellcasting   | 3 4 5 6 |  6.2
Fighting       | 1 2 |  2.3

Action                   |  1- 3 |  4- 6 |  7- 9 | 10-12 || total
-------------------------+-------+-------+-------+-------++-------
Melee: Unarmed           |    10 |    17 |       |       ||    27
       Short sword       |       |     3 |    85 |       ||    88
Throw: Dart              |       |     2 |       |       ||     2
 Cast: Sandblast         |    50 |   113 |   244 |    67 ||   474
       Necrotise         |       |     1 |       |       ||     1
       Stone Arrow       |       |       |     6 |     6 ||    12
Evoke: Wand              |       |       |       |     3 ||     3
  Use: Scroll            |       |    10 |     9 |     1 ||    20
       Potion            |       |     4 |     1 |     2 ||     7
 Stab: Sleeping          |       |       |     6 |       ||     6
Armor: Robe              |     9 |    22 |   150 |    43 ||   224
Dodge: Dodged            |     9 |    31 |   188 |    49 ||   277

Table legend: (Time is in decaauts)
 A = Elapsed time spent in this place.
 B = Non-inter-level travel time spent in this place.
 C = Inter-level travel time spent in this place.
 D = Time resting spent in this place.
 E = Time spent auto-exploring this place.
 F = Levels seen in this place.
 G = Mean time per level.
                   A        B        C        D        E       F      G
               +--------+--------+--------+--------+--------+-----+--------+
         Total |   9175 |   8873 |    302 |    815 |   6143 |  10 |  917.5 |
       Dungeon |   7851 |   7620 |    231 |    402 |   5579 |   8 |  981.4 |
        Temple |    409 |    338 |     71 |    214 |     88 |   1 |  409.0 |
       Ossuary |    914 |    914 |      0 |    199 |    475 |   1 |  914.0 |
               +--------+--------+--------+--------+--------+-----+--------+

Top non-repeatable levels by time:
     D:4: 1471 daAuts
     D:6: 1332 daAuts
     D:1: 1176 daAuts
     D:3: 1103 daAuts
     D:7: 975 daAuts
     D:2: 941 daAuts
 Ossuary: 914 daAuts
     D:5: 766 daAuts
  Temple: 409 daAuts
     D:8: 85 daAuts
